 Dungeon Crawl Stone Soup version 0.26.1-10-gdfb7c7de75 (webtiles) character file.

Game seed: 5550858890952021167

33 lenonis the Cudgeller (level 3, -2/36 HPs)
             Began as a Troll Berserker on Apr 4, 2021.
             Was a Follower of Trog.
             Slain by an orc warrior
             ... wielding a +0 hand axe
              (13 damage)
             ... on level 3 of the Dungeon.
             The game lasted 00:05:11 (309 turns).

lenonis the Cudgeller (Troll Berserker)              Turns: 309, Time: 00:05:14

Health: -2/36      AC:  6    Str: 26    XL:     3   Next: 12%
Magic:  2/2        EV: 10    Int:  3    God:    Trog [*.....]
Gold:   17         SH:  0    Dex:  9    Spells: 2/2 levels left

rFire    . . .     SeeInvis .   a - +1 mace
rCold    . . .     Faith    .   (no shield)
rNeg     . . .     Spirit   .   b - +0 animal skin
rPois    .         Reflect  .   (helmet restricted)
rElec    .         Harm     .   (no cloak)
rCorr    .         Rampage  .   (gloves unavailable)
Will     .....                  (boots unavailable)
Stlth    +.........             (no amulet)
HPRegen  0.52/turn              (no ring)
MPRegen  0.08/turn              (no ring)

@: berserk cooldown, slowed, very slow
A: large, unfitting armour, claws 3, regeneration 1, shaggy fur 1, tough skin 3
a: Renounce Religion, Berserk


You were on level 3 of the Dungeon.
You worshipped Trog.
Trog was aware of your devotion.
You visited 1 branch of the dungeon, and saw 3 of its levels.

You collected 17 gold pieces.

Inventory:

Hand Weapons
 a - a +1 mace (weapon)
Missiles
 d - 16 stones
 e - 49 arrows
 i - 44 bolts
Armour
 b - a +0 animal skin (worn)
Jewellery
 j - a cursed amulet of inaccuracy {unknown}
Scrolls
 c - 2 scrolls of immolation
 g - a scroll of noise
 h - a scroll of identify {unknown}
Potions
 f - 2 potions of heal wounds


   Skills:
 + Level 2.9 Fighting
 + Level 3.1 Maces & Flails
 + Level 2.7 Dodging


You had 2 spell levels left.
You didn't know any spells.
Your spell library was empty.

Dungeon Overview and Level Annotations

Branches:
Dungeon (3/15)

Altars:


Innate Abilities, Weirdness & Mutations

You are too large for most types of armour.
You have claws for hands.
Your natural rate of healing is unusually fast.
You are covered in fur. (AC +1)
You have extremely tough skin. (AC +3)


Message History

You hit the orc warrior.
The orc warrior is lightly wounded.
The orc wizard casts a spell at itself.
The orc wizard flickers and vanishes!
Deactivating autopickup; reactivate with Ctrl-A.
The orc warrior hits you with a +0 hand axe!
An orc wizard comes into view. It is wielding a +0 dagger.
The orc wizard shouts!
You hit the orc warrior but do no damage.
The orc warrior is lightly wounded.
The orc warrior hits you with a +0 hand axe.
Something hits you but does no damage. The orc warrior barely misses you.
You hit the orc wizard but do no damage.
The orc warrior closely misses you. Something hits you.
The orc wizard barely misses you.
You hear some strange, mumbled words.
A puff of flame appears from out of thin air!
The puff of flame hits you!
The orc warrior hits you with a +0 hand axe!
You die...

## .# .###############
..............>####
.##.........##.#..
.##.........##.#.####
.##.........##'#o...#.#
.##.........#..o@{....#
+############......##.#
#....### #...## #...#
#...# #.<.# #...#


You could see an orc warrior and an orc wizard.

Vanquished Creatures
  2 adders
  A leopard gecko (D:3)
  A hobgoblin (D:1)
  7 bats
  2 frilled lizards (D:3)
  A goblin (D:1)
  A kobold (D:1)
  2 rats
17 creatures vanquished.

Notes
Turn   | Place    | Note
-------+----------+-------------------------------------------
     0 | D:1      | lenonis the Troll Berserker began the quest for the Orb.
     0 | D:1      | Reached XP level 1. HP: 22/22 MP: 0/0
   223 | D:2      | Reached skill level 3 in Maces & Flails
   223 | D:2      | Reached XP level 2. HP: 29/29 MP: 1/1
   253 | D:3      | Reached XP level 3. HP: 31/36 MP: 2/2
   303 | D:3      | Noticed an orc warrior
   309 | D:3      | Slain by an orc warrior

Illustrated notes

Levels and vault maps discovered:
D:1:      dpeg_arrival_lava_temple_mockup, layout_rooms
D:2:      layout_rooms, minmay_fractal_squares_gapless_5
D:3:      layout_basic, gammafunk_temple_overflow_pools, portal_sewer_entry_f,
          minmay_misc_feat_encased, minmay_goblin_kobold_house,
          uniq_crazy_yiuf_cottage

Skill      XL: |  1 |
---------------+----+-----
Maces & Flails | 3 |  3.1
Fighting       | |  2.9
Dodging        | |  2.7

Action                   || total
-------------------------++-------
Melee: Mace              ||    54
Invok: Berserk           ||     1
  Use: Scroll            ||     5
       Potion            ||     2
 Stab: Sleeping          ||     1
Armor: Animal skin       ||    46
Dodge: Dodged            ||    42
